 Dungeon Sprint DCSS version 0.29-a0-925-g0a7a3d12f8 (webtiles) character file.

Game seed: 10476321819733630761

1129 rocky1 the Eye of the Storm (level 8, -8/68 HPs)
             Began as a Demonspawn Fighter on July 28, 2022.
             Was a Priest of Qazlal.
             Killed from afar by a deep elf knight (33 damage)
             ... with a shard of ice
             ... in the Dungeon (Sprint V: "Ziggurat Sprint").
             The game lasted 00:06:07 (260 turns).

rocky1 the Eye of the Storm (Demonspawn Fighter)     Turns: 260, Time: 00:06:08

Health: -8/68      AC: 26    Str: 21    XL:     8   Next: 13%
Magic:  12/14      EV:  6    Int: 10    God:    Qazlal [***...]
Gold:   0          SH: 13    Dex: 20    Spells: 7/7 levels left

rFire   . . .      SeeInvis .   s - +5 demon blade
rCold   . . .      Faith    .   G - +3 buckler
rNeg    + . .      Spirit   .   c - +5 crystal plate armour
rPois   .          Reflect  .   (no helmet)
rElec   .          Harm     .   (no cloak)
rCorr   .          Rampage  .   (no gloves)
Will    +....      NoTele   +   (no boots)
Stlth   ..........              (no amulet)
HPRegen 0.21/turn               w - +6 ring of dexterity
MPRegen 0.14/turn               n - ring of Kikubaaqudgha's Pride {Fly rN+ Will+ Str+4 Stlth-}

@: mighty, flying
A: yellow scales 2, foul stench 1, powered by pain 1
a: Renounce Religion, Upheaval, Elemental Force


You were in the Dungeon.
You worshipped Qazlal.
Qazlal was most pleased with you.
You visited 1 branch

Inventory:

Hand Weapons
 a - the +9 heavy crossbow "Sniper" {vorpal, Acc+∞ SInv}
   (You found it in the Dungeon)

   Any ammunition fired from it inflicts extra damage upon your enemies.
   Any ammunition fired from it never misses its target.
   SInv:      It lets you see invisible.
 q - the +8 lance "Wyrmbane" {slay drac, rPois rF+ rC+ AC+3}
   (You found it in the Dungeon)

   It inflicts extra damage against dragons and draconians.
   AC:        It affects your AC (+3).
   rF:        It protects you from fire.
   rC:        It protects you from cold.
   rPois:     It protects you from poison.
 s - a +5 demon blade (weapon)
 t - the +5 sword of Power {vorpal}
   (You found it in the Dungeon)

   It inflicts extra damage upon your enemies.
   It occasionally discharges a powerful but inaccurate bolt of energy upon
   striking a foe, with increased chance the greater the wielder's current
   health.
 u - the +9 sword of Zonguldrok {reap}
   (You found it in the Dungeon)

   Any living foe damaged by it may be reanimated upon death as a zombie
   friendly to the wielder, with an increasing chance as more damage is dealt.
Armour
 b - a +0 scale mail
 c - a +5 crystal plate armour (worn)
 G - a +3 buckler (worn)
 H - a +3 kite shield
 I - a +3 tower shield
 J - +5 gold dragon scales
 K - a +5 plate armour
Jewellery
 n - the ring of Kikubaaqudgha's Pride (right hand) {Fly rN+ Will+ Str+4 Stlth-}
   (You found it in the Dungeon)

   [ring of flight]

   Str:       It affects your strength (+4).
   rN:        It protects you from negative energy.
   Fly:       It grants you flight.
   Will:      It increases your willpower.
   Stlth:     It makes you less stealthy.
 v - a ring of flight
 w - a +6 ring of dexterity (left hand)
 x - a +6 ring of dexterity
 y - a +6 ring of intelligence
 z - a +6 ring of intelligence
 A - a +6 ring of strength
 B - a +6 ring of strength
 L - the ring of Zudogus {rC+ Int+6 Stlth+}
   (You found it in the Dungeon)

   [ring of protection from cold]

   Int:       It affects your intelligence (+6).
   rC:        It protects you from cold.
   Stlth:     It makes you more stealthy.
 M - the amulet "Eciufu" {Spirit rF- rN+ Int+7 Dex+2}
   (You found it in the Dungeon)

   [amulet of guardian spirit]

   It causes incoming damage to be divided between your reserves of health and
   magic.
   Int:       It affects your intelligence (+7).
   Dex:       It affects your dexterity (+2).
   rF:        It makes you vulnerable to fire.
   rN:        It protects you from negative energy.
 N - an amulet of faith
Wands
 D - a wand of mindburst (7)
 E - a wand of iceblast (7)
 F - a wand of light (7)
Scrolls
 j - 4 scrolls of blinking
 o - 4 scrolls of amnesia
 p - 7 scrolls of butterflies
 r - 2 scrolls of fear
Potions
 d - 5 potions of might
 e - 10 potions of curing
 f - 8 potions of heal wounds
 g - 6 potions of haste
 h - 7 potions of magic
 i - 3 potions of berserk rage
 k - 2 potions of brilliance
 l - a potion of invisibility
 m - 4 potions of resistance
Miscellaneous
 C - a lightning rod (4/4)
 O - a phantom mirror


   Skills:
 + Level 7.8 Fighting
 + Level 6.6 Long Blades
 - Level 5.0 Ranged Weapons
 + Level 7.0 Armour
 + Level 6.3 Dodging
 + Level 7.0 Shields
 + Level 9.1 Invocations


You had 7 spell levels left.
You didn't know any spells.
Your spell library was empty.

Dungeon Overview and Level Annotations

Branches:
Dungeon (1/1)

Altars:
Ashenzari
Cheibriados
Dithmenos
Fedhas
Gozag
Hepliaklqana
Kikubaaqudgha
Makhleb
Nemelex Xobeh
Okawaru
Qazlal
Ru
Sif Muna
Trog
Uskayaw
Vehumet
Wu Jian
Xom
Yredelemnul
Jiyva
Lugonu

Annotations:
D 1 transporter


Innate Abilities, Weirdness & Mutations

You are mostly covered in yellow scales. (AC +3)
You may rarely emit foul miasma when damaged in melee.
You sometimes gain a little power by taking damage.


Message History

Unknown command.
You feel much better.
The deep elf knight is no longer encased in ice. x2
Unknown command.
You miss the deep elf knight.
The deep elf knight is severely wounded.
The deep elf knight points at you and mumbles some strange words.
You block the lance of force.
The deep elf knight hits you but does no damage. x2
You slash the deep elf knight!
The deep elf knight is almost dead.
The deep elf knight casts a spell.
The deep elf knight flickers and vanishes!
Deactivating autopickup; reactivate with Ctrl-A.
The deep elf knight hits you but does no damage.
You block the deep elf zephyrmancer's attack.
You block something's attack.
You slash the deep elf knight!
You kill the deep elf knight!
Qazlal accepts your kill.
You can now give life to nearby clouds.
Something completely misses you.
The deep elf zephyrmancer hits you with a +0 long sword!
Your Fighting skill increases to level 7!
Your Long Blades skill increases to level 6!
Your Armour skill increases to level 7!
Your Dodging skill increases to level 6!
Your Shields skill increases to level 7!
Your Invocations skill gained 2 levels and is now at level 9!
You have reached level 8!
You feel stronger.
You slice the deep elf zephyrmancer!!
The deep elf zephyrmancer is almost dead.
Something hits you but does no damage.
The deep elf zephyrmancer is engulfed in blazing flames.
You kill the deep elf zephyrmancer!
Qazlal accepts your kill.
You hear some strange, mumbled words.
A shard of ice appears from out of thin air!
The shard of ice hits you!!
You die...

▓..©..▓..©..▓▓▓▓▓▓▓
▓▓▓▓▓▓▓▓▓▓▓▓▓▓
▓..8©8...▓
▓..=":...▓
▓...:....▓
▓........▓
........▓
▓.▓)☼{.▓.▓
▓...@....▓
▓▓▓▓▓▓▓▓▓▓


There were no monsters in sight!

Vanquished Creatures
  A deep elf knight (D)
  A deep elf zephyrmancer (D)
  A water elemental (D)
  A human (shapeshifter) (D)
  A water moccasin (D)
  A tengu (shapeshifter) (D)
  2 orc priests (D)
  An orc wizard (D)
  3 adders (D)
12 creatures vanquished.

Notes
Turn   | Place    | Note
-------+----------+-------------------------------------------
     0 | D        | rocky1 the Demonspawn Fighter began the quest for the Orb.
     0 | D        | Reached XP level 1. HP: 18/18 MP: 1/1
     0 | D        | Found a shimmering blue altar of Sif Muna.
     0 | D        | Found a bloodstained altar of Trog.
     0 | D        | Found a sacrificial altar of Ru.
     0 | D        | Found a stormy altar of Qazlal.
     0 | D        | Found an iron altar of Okawaru.
     1 | D        | Found a sparkling altar of Nemelex Xobeh.
     1 | D        | Found a blossoming altar of Fedhas.
     1 | D        | Found the +6 Majin-Bo {vamp, MP+6 Int+6}
     1 | D        | Found the +9 heavy crossbow "Sniper" {vorpal, Acc+∞ SInv}
     1 | D        | Found the +10 dark maul {vorpal}
     1 | D        | Found the +15 Maxwell's patent armour {-Cast -Tele rElec
                  | Will+ rCorr}
     1 | D        | Found the +18 shield of the Gong {rElec rN+ Will+ EV-5}
     1 | D        | Found the +14 obsidian axe {vorpal, Mesm Drain Fly SInv}
     1 | D        | Found the +7 great mace "Firestarter" {inner flame, rF++}
     1 | D        | Found the +6 shillelagh "Devastator" {shatter}
     1 | D        | Found the +11 plutonium sword {Contam Stlth-}
     1 | D        | Found the +8 lance "Wyrmbane" {slay drac, rPois rF+ rC+
                  | AC+3}
     1 | D        | Found the +9 sword of Zonguldrok {reap}
     1 | D        | Found the +13 scythe of Curses {drain, Drain}
     1 | D        | Found the +5 sword of Power {vorpal}
     1 | D        | Found the +7 mace of Variability {chain chaos}
     1 | D        | Found the +7 Singing Sword {vorpal, sonic wave}
     1 | D        | Found the +8 storm bow {elec, penet}
     3 | D        | Found a transporter.
     3 | D        | Found an ancient bone altar of Kikubaaqudgha.
     3 | D        | Found a viscous altar of Jiyva.
     3 | D        | Found a corrupted altar of Lugonu.
     3 | D        | Found a hazy altar of Hepliaklqana.
     3 | D        | Found a burning altar of Makhleb.
     3 | D        | Found an opulent altar of Gozag.
   114 | D        | Became a worshipper of Qazlal Stormbringer
   129 | D        | Reached skill level 3 in Invocations
   129 | D        | Gained mutation: You are partially covered in yellow
                  | scales. (AC +2) [demonic ancestry]
   129 | D        | Reached XP level 2. HP: 25/25 MP: 1/4
   165 | D        | Entered arena 2.
   165 | D        | Noticed a human
   165 | D        | Noticed a scorpion
   165 | D        | Noticed a tengu
   165 | D        | a scorpion changed into a tengu
   165 | D        | Found a transporter.
   169 | D        | Killed a human
   170 | D        | Reached skill level 5 in Fighting
   170 | D        | Reached skill level 5 in Invocations
   170 | D        | Gained mutation: You sometimes gain a little power by
                  | taking damage. [demonic ancestry]
   170 | D        | Reached XP level 3. HP: 26/33 MP: 5/7
   170 | D        | Reached XP level 4. HP: 31/39 MP: 5/8
   170 | D        | Gained mutation: You are mostly covered in yellow scales.
                  | (AC +3) [demonic ancestry]
   170 | D        | Reached XP level 5. HP: 35/44 MP: 5/9
   170 | D        | Killed a tengu
   171 | D        | Reached skill level 5 in Armour
   171 | D        | Reached skill level 5 in Shields
   171 | D        | Reached skill level 6 in Invocations
   175 | D        | Got the ring of Kikubaaqudgha's Pride {Fly rN+ Will+ Str+4
                  | Stlth-}
   178 | D        | Got the ring of Zudogus {rC+ Int+6 Stlth+}
   186 | D        | Entered arena 3.
   186 | D        | Found a transporter.
   189 | D        | Reached * piety under Qazlal
   192 | D        | Gained mutation: You may rarely emit foul miasma when
                  | damaged in melee. [demonic ancestry]
   192 | D        | Reached XP level 6. HP: 45/52 MP: 7/10
   206 | D        | Got the amulet "Eciufu" {Spirit rF- rN+ Int+7 Dex+2}
   220 | D        | Entered arena 4.
   220 | D        | Noticed a water moccasin
   220 | D        | Found a transporter.
   224 | D        | Reached ** piety under Qazlal
   225 | D        | Killed a water moccasin
   226 | D        | Reached skill level 5 in Long Blades
   226 | D        | Reached skill level 5 in Ranged Weapons
   226 | D        | Reached skill level 7 in Invocations
   251 | D        | Entered arena 5.
   251 | D        | Noticed a water elemental
   251 | D        | Noticed a deep elf zephyrmancer
   251 | D        | Noticed a deep elf knight
   251 | D        | Noticed a deep elf knight
   251 | D        | Found a transporter.
   254 | D        | Killed a water elemental
   254 | D        | Reached *** piety under Qazlal
   255 | D        | Reached skill level 5 in Dodging
   255 | D        | Reached XP level 7. HP: 45/59 MP: 5/12
   259 | D        | Killed a deep elf knight
   260 | D        | Reached skill level 9 in Invocations
   260 | D        | Reached XP level 8. HP: 25/68 MP: 12/14
   260 | D        | Killed a deep elf zephyrmancer
   260 | D        | Killed from afar by a deep elf knight

Illustrated notes

Levels and vault maps discovered:
D:        sprint_v [room_start, room_1, room_2, room_3, room_4, room_5, room_6,
          room_7, room_8, room_9, room_10, room_11, room_12, room_13, room_14,
          room_15, room_16, room_17, room_18, room_19, room_20, room_21,
          room_22, room_23, room_24, room_25, room_26, room_27]

Skill      XL: |  1  2  3  4  5  6  7 |
---------------+----------------------+-----
Fighting       | 4 5 6 7 |  7.8
Long Blades    | 3 4 5 6 |  6.6
Ranged Weapons | 2 3 4 5 |  5.0
Armour         | 3 4 5 6 7 |  7.0
Dodging        | 2 3 4 5 6 |  6.3
Shields        | 3 4 5 6 7 |  7.0
Invocations    | 3 5 6 7 9 |  9.1

Action                   |  1- 3 |  4- 6 |  7- 9 || total
-------------------------+-------+-------+-------++-------
Melee: Demon blade       |     2 |    11 |     5 ||    18
Invok: Upheaval          |       |     2 |       ||     2
  Use: Potion            |     3 |     1 |     1 ||     5
 Stab: Invisible         |     1 |     2 |       ||     3
Armor: Crystal plate arm |     3 |     8 |     4 ||    15
Dodge: Dodged            |       |     1 |     1 ||     2
Block: Buckler           |     1 |     6 |     3 ||    10

Table legend: (Time is in decaauts)
 A = Elapsed time spent in this place.
 B = Non-inter-level travel time spent in this place.
 C = Inter-level travel time spent in this place.
 D = Time resting spent in this place.
 E = Time spent auto-exploring this place.
 F = Levels seen in this place.
 G = Mean time per level.
                   A        B        C        D        E       F      G
               +--------+--------+--------+--------+--------+-----+--------+
         Total |    258 |    258 |      0 |     42 |      0 |   1 |  258.0 |
       Dungeon |    258 |    258 |      0 |     42 |      0 |   1 |  258.0 |
               +--------+--------+--------+--------+--------+-----+--------+

Top non-repeatable levels by time:
       D: 258 daAuts
